AoeStats
← Malcolm Little

Arabia

508352350Analyzed
4v4 RM · 9d ago on Sep 22, 2026· 22m 44s· 8 players
Game mode
Random Map
Map size
Large (8 player)
Population
200
Speed
Normal
Resources
Standard
Victory
Conquest
Starting age
Dark Age
Ending age
Imperial Age
RankedLock teamsTeams togetherTeam positionsShared explorationLock speedFull tech treeHidden civsTurbo modeCheats
Victory
Defeat
🇦🇷 Poles · Argentina
1555
+9
🇨🇦 Persians · Canada
1482
+12
🇩🇴 Britons · Dominican Republic
1456
+13
🇦🇷 Ethiopians · Argentina
1382
+16
🇲🇽 Franks · Mexico
1436
-14
🇲🇽 Ethiopians · Mexico
1411
-13
🇲🇽 Mongols · Mexico
1396
-13
🇲🇽 Persians · Mexico
1328
-10
Venami | Agente P1T0 007 Cm
6:33 Loom
9:00 Feudal Age
10:08 Double-Bit Axe
10:04 Horse Collar
18:55 Scale Barding Armor
19:56 Bloodlines
22:25 Forging
Cinco
6:17 Loom
9:59 Feudal Age
10:29 Double-Bit Axe
Malcolm Little
6:56 Loom
9:20 Feudal Age
9:49 Double-Bit Axe
15:16 Fletching
17:27 Padded Archer Armor
19:36 Gold Mining
20:32 Wheelbarrow
25:02 Castle Age
mini_mike
10:12 Feudal Age
10:20 Loom
15:16 Castle Age
14:49 Scale Barding Armor
15:19 Bloodlines
23:09 Double-Bit Axe
Dr. Sky
6:05 Loom
8:35 Feudal Age
10:59 Forging
13:52 Scale Barding Armor
20:11 Bloodlines
[SCP] Draper
5:46 Loom
SCP Faf
6:22 Loom
9:11 Feudal Age
10:32 Double-Bit Axe
11:58 Fletching
20:03 Padded Archer Armor
[SCP] SkaZi
7:02 Loom
9:14 Feudal Age
16:42 Double-Bit Axe
17:56 Wheelbarrow
22:16 Castle Age
Connection lost

Rejoining the realm…

Still unreachable

The connection could not be restored.

Session expired

The server has moved on; the page needs a fresh start.